 Dungeon Crawl Stone Soup version 0.25.0-46-gbd7b0854d2 (webtiles) character file.

Game seed: 197227710918480551

3843 Descartes the Protected (level 10, 0/74 HPs)
             Began as a Formicid Skald on July 17, 2020.
             Was a Follower of Sif Muna.
             Slain by an orc warlord
             ... wielding a +0 broad axe
              (21 damage)
             ... in a bailey.
             The game lasted 00:23:03 (8076 turns).

Descartes the Protected (Formicid Skald)            Turns: 8076, Time: 00:23:03

Health: 0/74       AC: 19    Str: 18    XL:     10   Next: 41%
Magic:  17/17      EV: 11    Int: 18    God:    Sif Muna [*.....]
Gold:   98         SH:  0    Dex: 10    Spells: 11/19 levels left

rFire    . . .     SeeInvis +   a - +10 war axe of the Glowing Jester {venom, rN+ MR+ Int+4}
rCold    . . .     Gourm    .   (no shield)
rNeg     + . .     Faith    .   f - +4 ring mail
rPois    +         Spirit   .   (helmet unavailable)
rElec    .         Reflect  .   W - +2 cloak {rPois}
rCorr    .         Harm     .   e - +2 pair of gloves {archery}
MR       ++...                  v - +0 pair of boots
Stlth    ..........             (no amulet)
HPRegen  0.22/turn              (no ring)
MPRegen  0.15/turn              (no ring)

@: no status effects
A: permanent stasis, dig shafts and tunnels, four strong arms, antennae 3
a: Dig, Shaft Self, Channel Magic, Renounce Religion


You were in a bailey.
You worshipped Sif Muna.
Sif Muna was aware of your devotion.
You were not hungry.

You visited 2 branches of the dungeon, and saw 9 of its levels.
You also visited: Bailey.

You collected 381 gold pieces.
You spent 283 gold pieces at shops.

Inventory:

Hand Weapons
 a - the +10 war axe of the Glowing Jester (weapon) {venom, rN+ MR+ Int+4}
   (You found it on level 5 of the Dungeon)

   It poisons the flesh of those it strikes.
   It affects your intelligence (+4).
   It protects you from negative energy.
   It affects your resistance to hostile enchantments.
 b - a +0 shortbow
 n - a +0 hunting sling
Missiles
 c - 263 stones
 h - 111 bolts
 o - 104 arrows
 t - 36 boomerangs (quivered)
 A - 9 javelins
 G - 6 atropa-tipped darts
 H - 66 sling bullets
 U - 20 poisoned darts
Armour
 e - a +2 pair of gloves of archery (worn)
 f - a +4 ring mail (worn)
 v - a +0 pair of boots (worn)
 W - a +2 cloak of poison resistance (worn)
Wands
 j - a wand of flame (29)
 r - a wand of disintegration (14)
 w - a wand of clouds (4)
 y - a wand of random effects (15)
 R - a wand of iceblast (9)
Scrolls
 g - a scroll of enchant armour {unknown}
 i - a scroll of enchant weapon
 k - a scroll of magic mapping
 B - 4 scrolls of immolation {unknown}
 E - a scroll of amnesia {unknown}
 K - 2 scrolls of random uselessness {unknown}
 N - a scroll of vulnerability {unknown}
 O - 2 scrolls of remove curse
 P - 3 scrolls of blinking {unknown}
 S - a scroll of fog {unknown}
 V - a scroll of fear {unknown}
Potions
 m - 5 potions of curing
 p - a potion of heal wounds
 s - 2 potions of flight
 x - 2 potions of resistance {unknown}
 z - a potion of degeneration {unknown}
 C - 3 potions of brilliance {unknown}
 I - a potion of invisibility {unknown}
 J - a potion of lignification {unknown}
 L - 2 potions of magic {unknown}
 M - 2 potions of might {unknown}
Comestibles
 d - 16 rations
 l - 2 chunks of flesh


   Skills:
 - Level 5.0 Fighting
   Level 2.0 Long Blades
 - Level 5.0 Axes
 + Level 10.0 Armour
 - Level 1.7 Dodging
 - Level 5.0 Spellcasting
 - Level 5.0 Hexes
 - Level 5.0 Charms
 - Level 5.0 Evocations


You had 11 spell levels left.
You knew the following spells:

 Your Spells              Type           Power        Failure   Level  Hunger
a - Infusion              Chrm           ###.         2%          1    None
b - Song of Slaying       Chrm           ###.....     4%          2    #......
c - Shroud of Golubria    Chrm/Tloc      ##....       11%         2    #......
d - Spectral Weapon       Hex/Chrm       ###.....     8%          3    ##.....

Your spell library contained the following spells:

 Spells                   Type           Power        Failure   Level  Hunger
 Slow                     Hex            ###.....     4%          2    #......
 Magic Dart               Conj           #...         21%         1    None
 Ozocubu's Armour         Chrm/Ice       ##......     22%         3    ##.....
 Call Imp                 Summ           #.......     30%         2    #......
 Conjure Flame            Conj/Fire      #.......     52%         3    ##.....
 Mephitic Cloud           Conj/Pois/Air  #.......     52%         3    ##.....
 Blink                    Tloc           Unusable     N/A         2    N/A

Dungeon Overview and Level Annotations

Branches:
Dungeon (8/15)             Temple (1/1) D:6            Lair (0/6) D:8
 Bailey (1/1)

Altars:
Ashenzari
Cheibriados
Dithmenos
Elyvilon
Fedhas
Gozag
Hepliaklqana
Kikubaaqudgha
Makhleb
Okawaru
Qazlal
Ru
Sif Muna
Trog
Uskayaw
Vehumet
Wu Jian
Yredelemnul
Zin
The Shining One

Shops:
D:4 *   D:7 [   D:8 [


Innate Abilities, Weirdness & Mutations

You cannot be hasted, slowed, berserked, paralysed or teleported.
You can dig through walls and to a lower floor.
Your four strong arms can wield two-handed weapons with a shield.
You have a pair of large antennae on your head. (SInv)


Message History

You hit the orc warlord but do no damage.
The orc warlord looks as sick as possible!
The orc warlord is moderately wounded.
The orc warlord hits you but does no damage.
You slash the orc warlord!
The orc warlord looks as sick as possible!
The orc warlord is heavily wounded.
The orc warlord barely misses you.
You hit the orc warlord but do no damage.
The orc warlord is heavily wounded.
The orc warlord hits you but does no damage.
You hit the orc warlord.
The orc warlord looks as sick as possible!
The orc warlord is severely wounded.
The orc warlord hits you with a +0 broad axe!!
* * * LOW HITPOINT WARNING * * *
You slash the orc warlord!
The orc warlord is severely wounded.
The orc warlord hits you with a +0 broad axe!!
You die...

#...............).........#
#...8......#'''#......8...#
##......####≈≈≈####......##
♣##.....#≈≈≈≈≈≈≈≈≈#.....##♣
♣.##....#≈.8...8.≈#....##.♣
♣♣..###'###.......###'###..♣♣
♣...≈≈≈†#≈≈.8...8.≈≈#.≈≈≈(..♣
♣...≈≈≈.#≈.........≈#.≈≈≈(..♣
∩...≈≈≈.#≈....@)...≈#.≈≈≈...∩
♣...≈≈≈.##....)o...##.≈≈≈(..♣
♣..(≈≈≈.#≈..8...8..≈#.≈≈≈...♣
♣♣..###'#≈.........≈#'###..♣♣
♣.##...#≈)!8...8!}≈#...##.♣
♣##.)..##≈≈#####≈≈##....##♣
##....).####...####....).##
#.....)...................#
#..8..8.............8.)8..#


You could see an orc warlord (extremely poisoned).

Vanquished Creatures
  A two-headed ogre (D:8)
  Joseph (D:7)
  A centaur zombie (D:8)
  A yak (D:8)
  3 porcupines (D:8)
  A black bear (D:8)
  3 orc warriors
  A phantom (D:6)
  An ice beast (D:5)
  A sky beast (D:7)
  A centaur (D:2)
  2 ogres
  An eye of draining (D:8)
  A crocodile (D:8)
  A big kobold (D:7)
  5 killer bees (D:7)
  4 crimson imps
  A quasit (D:7)
  A jelly (D:6)
  4 orc wizards
  A bullfrog skeleton (D:5)
  An orc priest (D:6)
  Crazy Yiuf (D:2)
  A hound (D:5)
  Terence (D:2)
  An iguana (D:4)
  2 worker ants (D:5)
  A worker ant zombie (D:6)
  3 gnolls
  13 adders
  A shadow imp (D:5)
  An ooze (D:1)
  2 worms
  3 dart slugs (D:1)
  A leopard gecko (D:4)
  19 orcs
  7 bats
  10 giant cockroaches
  15 goblins
  6 hobgoblins
  21 jackals
  A quokka (D:2)
  2 ball pythons
  9 frilled lizards
  27 kobolds
  4 rats
189 creatures vanquished.

Vanquished Creatures (others)
  11 fungi (D:8)
  A plant (D:8)
12 creatures vanquished.

Grand Total: 201 creatures vanquished

Notes
Turn   | Place    | Note
-------+----------+-------------------------------------------
     0 | D:1      | Descartes the Formicid Skald began the quest for the Orb.
     0 | D:1      | Reached XP level 1. HP: 16/16 MP: 3/3
   249 | D:1      | Reached XP level 2. HP: 23/23 MP: 5/5
   392 | D:1      | Reached skill level 2 in Armour
   798 | D:1      | Reached XP level 3. HP: 13/29 MP: 6/6
  1381 | D:2      | Reached XP level 4. HP: 31/35 MP: 7/7
  1425 | D:2      | Found a radiant altar of Vehumet.
  1457 | D:2      | Reached skill level 3 in Armour
  1782 | D:2      | Found a snail-covered altar of Cheibriados.
  1791 | D:2      | Noticed a centaur
  1796 | D:2      | Killed a centaur
  1796 | D:2      | Reached XP level 5. HP: 43/43 MP: 8/8
  1825 | D:2      | Noticed Terence
  1851 | D:2      | Killed Terence
  1851 | D:2      | Reached skill level 4 in Armour
  2444 | D:2      | Found a stormy altar of Qazlal.
  2447 | D:2      | Noticed a fire elemental
  2447 | D:2      | Noticed an air elemental
  2447 | D:2      | Noticed a water elemental
  2469 | D:2      | Reached XP level 6. HP: 48/49 MP: 9/9
  2492 | D:2      | Found a runed translucent door.
  2493 | D:2      | Noticed Crazy Yiuf
  2512 | D:2      | Killed Crazy Yiuf
  2670 | D:3      | Found an iron altar of Okawaru.
  2788 | D:3      | Reached skill level 5 in Fighting
  2795 | D:3      | Reached skill level 5 in Armour
  2981 | D:3      | Reached skill level 1 in Evocations
  3637 | D:4      | Found a shadowy altar of Dithmenos.
  3706 | D:4      | Reached XP level 7. HP: 55/56 MP: 10/10
  3960 | D:4      | Found an ancient bone altar of Kikubaaqudgha.
  4158 | D:4      | Found Nogoh's General Store.
  4161 | D:4      | Bought a cursed amulet of inaccuracy for 24 gold pieces
  4254 | D:5      | Entered Level 5 of the Dungeon
  4358 | D:5      | Got a fine war axe
  4359 | D:5      | Identified the +10 war axe of the Glowing Jester {venom,
                  | rN+ MR+ Int+4} (You found it on level 5 of the Dungeon)
  4411 | D:5      | Reached skill level 1 in Axes
  4425 | D:5      | You fall into a shaft and drop 2 floors!
  4428 | D:7      | Noticed Joseph
  4447 | D:7      | Killed Joseph
  4447 | D:7      | Reached XP level 8. HP: 31/62 MP: 11/11
  4720 | D:6      | Found a staircase to the Ecumenical Temple.
  4781 | D:6      | Reached skill level 5 in Evocations
  4975 | D:6      | Reached skill level 5 in Axes
  5180 | D:6      | Learned a level 2 spell: Song of Slaying
  5183 | D:6      | Learned a level 2 spell: Shroud of Golubria
  5187 | D:6      | Learned a level 3 spell: Spectral Weapon
  5724 | D:5      | Reached skill level 1 in Hexes
  5794 | D:5      | Found an ornate altar of the Wu Jian Council.
  6283 | D:7      | Reached XP level 9. HP: 55/68 MP: 12/14
  6616 | D:7      | Found Rypifub's Armour Shoppe.
  6621 | D:7      | Bought a +2 cloak of poison resistance for 259 gold pieces
  6975 | Temple   | Entered the Ecumenical Temple
  7170 | Temple   | Became a worshipper of Sif Muna the Loreminder
  7244 | D:8      | Reached skill level 5 in Charms
  7247 | D:8      | Reached skill level 5 in Spellcasting
  7252 | D:8      | Reached skill level 5 in Hexes
  7252 | D:8      | Reached skill level 6 in Armour
  7277 | D:8      | Reached skill level 7 in Armour
  7281 | D:8      | HP: 2/68 [yak (5)]
  7285 | D:8      | Reached XP level 10. HP: 3/74 MP: 17/17
  7303 | D:8      | Found Onuy's Armour Emporium.
  7309 | D:8      | Noticed a two-headed ogre
  7347 | D:8      | Killed a two-headed ogre
  7347 | D:8      | Reached skill level 9 in Armour
  7637 | D:8      | Found a flagged portal.
  7639 | D:8      | Reached * piety under Sif Muna
  7672 | Bailey   | Entered a bailey
  7677 | Bailey   | Noticed an orc warlord
  7820 | Bailey   | Found a runed translucent gate.
  7821 | Bailey   | Found a runed translucent gate.
  7822 | Bailey   | Found a runed translucent gate.
  7836 | Bailey   | Reached skill level 10 in Armour
  8076 | Bailey   | Slain by an orc warlord

Illustrated notes

Levels and vault maps discovered:
D:1:      dpeg_arrival_orchard, layout_loops_ring
D:2:      layout_rooms, nicolae_qazlal_style_of_elements, cheibriados_altar_1,
          vehumet_crystals, first_ration, uniq_crazy_yiuf_cottage, uniq_terence
D:3:      layout_basic, okawaru_metal_pillars_1_2
D:4:      layout_cave_pools, nicolae_overflow_hidden_temple,
          lemuel_doored_altar, serial_shops, kennysheep_mini_moat
D:5:      layout_rooms, overflow_temple_1_default, kennysheep_doodads
D:6:      layout_loops_ring, minmay_temple_entry_waves
D:7:      layout_rooms, serial_shops, shop, uniq_joseph
D:8:      layout_loops_ring, gammafunk_temple_overflow_statue,
          due_lair_maze_entry_diamond, enter_bailey_3, serial_shops, shop,
          gammafunk_ghost_necromancy
Temple:   eino_temple_water
Bailey:   bailey_axe_bossmonster_kennysheep, bailey

Skill      XL: |  1  2  3  4  5  6  7  8  9 10 |
---------------+-------------------------------+-----
Armour         | 2 3 4 5 7 10 | 10.0
Fighting       | 3 4 5 |  5.0
Evocations     | 2 4 5 |  5.0
Axes           | 3 5 |  5.0
Hexes          | 2 5 |  5.0
Spellcasting   | 3 5 |  5.0
Charms         | 4 5 |  5.0
Long Blades    | |  2.0
Dodging        | |  1.7

Action                   |  1- 3 |  4- 6 |  7- 9 | 10-12 || total
-------------------------+-------+-------+-------+-------++-------
Melee: Falchion          |    67 |    28 |       |       ||    95
       Short sword       |       |    13 |       |       ||    13
       Hand axe          |       |    91 |       |       ||    91
       Quarterstaff      |       |    74 |    27 |       ||   101
       War axe           |       |       |   148 |    47 ||   195
 Fire: Shortbow          |       |     2 |       |       ||     2
Throw: Boomerang         |       |       |       |    20 ||    20
 Cast: Spectral Weapon   |       |       |     2 |       ||     2
 Abil: Dig               |       |     2 |       |     4 ||     6
  Use: Scroll            |       |     5 |     1 |     5 ||    11
       Potion            |       |       |     2 |     1 ||     3
  Eat: Chunk             |     1 |     8 |    11 |     5 ||    25
Armor: Leather armour    |    24 |    13 |       |       ||    37
       Ring mail         |       |   116 |   113 |    55 ||   284
Dodge: Dodged            |    47 |   157 |   125 |    66 ||   395
       Rpst.: Falchion   |    15 |    11 |       |       ||    26
